 Dungeon Crawl Stone Soup version 0.20-a0-277-g7db01f4 (webtiles) character file.

280 Mefis the Magician (level 6, -1/32 HPs)
             Began as a Deep Elf Wizard on Dec 13, 2016.
             Slain by a gnoll
             ... wielding a +1 whip of electrocution
              (14 damage)
             ... on level 3 of the Dungeon.
             The game lasted 00:07:07 (3894 turns).

Mefis the Magician (Deep Elf Wizard)                Turns: 3894, Time: 00:07:09

Health: -1/32      AC:  3    Str:  4    XL:     6   Next: 5%
Magic:  11/17      EV: 13    Int: 25    God:
Gold:   244        SH:  0    Dex: 13    Spells: 2/17 levels left

rFire  . . .     SeeInvis .     a - +0 spear
rCold  . . .     Gourm    .     g - +0 robe
rNeg   . . .     Faith    .     (no shield)
rPois  .         Spirit   .     n - +0 hat
rElec  .         Reflect  .     (no cloak)
rCorr  .         Harm     .     u - +0 pair of gloves
MR     .....                    (no boots)
Stlth  ++........               (no amulet)
                                (no ring)
                                (no ring)

@: repel missiles
A: no striking features
a: no special abilities


You were on level 3 of the Dungeon.
You were not hungry.

You visited 1 branch of the dungeon, and saw 3 of its levels.

You collected 244 gold pieces.

Inventory:

Hand Weapons
 a - a +0 spear (weapon)
 b - a +0 blowgun
 e - a +0 dagger
Missiles
 j - 49 bolts
 m - 32 poisoned needles
 t - a throwing net (quivered)
Armour
 g - a +0 robe (worn)
 n - a +0 hat (worn)
 u - a +0 pair of gloves (worn)
Wands
 o - a wand of paralysis (8/24)
 r - a wand of slowing (34/48)
Scrolls
 f - 3 scrolls of amnesia {unknown}
 h - 2 scrolls of teleportation {unknown}
 p - a scroll of noise {unknown}
 s - 2 scrolls of identify {unknown}
Potions
 l - 2 potions of curing {unknown}
Books
 c - a book of Minor Magic

   Spells                             Type                      Level
   a - Magic Dart                     Conjuration                  1
   b - Blink                          Translocation                2
   c - Call Imp                       Summoning                    2
   d - Repel Missiles                 Charms/Air                   2
   e - Slow                           Hexes                        2
   f - Conjure Flame                  Conjuration/Fire             3
   g - Mephitic Cloud                 Conjuration/Poison/Air       3
Comestibles
 d - a bread ration
 i - 4 meat rations
 k - a beef jerky
 q - a chunk of flesh


   Skills:
 + Level 3.7 Dodging
 + Level 3.8 Stealth
 * Level 6.0 Spellcasting
 * Level 3.3 Conjurations
 + Level 0.0 Hexes
 - Level 1.1 Summonings
 - Level 1.1 Translocations
 + Level 1.6 Air Magic
 + Level 1.4 Poison Magic


You had 2 spell levels left.
You knew the following spells:

 Your Spells              Type           Power        Failure   Level  Hunger
a - Magic Dart            Conj           ###.         1%          1    None
b - Call Imp              Summ           ##......     10%         2    None
c - Blink                 Tloc           N/A          10%         2    None
d - Repel Missiles        Chrm/Air       ##....       10%         2    None
e - Mephitic Cloud        Conj/Pois/Air  ###.....     12%         3    None
f - Conjure Flame         Conj/Fire      ###.....     12%         3    None
g - Slow                  Hex            #.......     12%         2    None


Dungeon Overview and Level Annotations

Branches:
Dungeon (3/15)

Altars:


Message History

Casting: Magic Dart
Confirm with . or Enter, or press ? or * to list all spells.
Aiming: Magic Dart
Press: ? - help, Shift-Dir - straight line, f/p - gnoll
Aim: a gnoll, wielding a spear (almost dead)
The magic dart hits the gnoll.
The gnoll is moderately wounded.
The gnoll misses you.
The gnoll hits you with a whip of electrocution.
Casting: Magic Dart
Confirm with . or Enter, or press ? or * to list all spells.
Aiming: Magic Dart
Press: ? - help, Shift-Dir - straight line, f/p - gnoll
Aim: a gnoll, wielding a spear (almost dead)
The magic dart hits the gnoll.
The gnoll is severely wounded.
The gnoll hits you from afar with a spear.
The gnoll hits you with a whip of electrocution!
You are electrocuted!
You die...

...P...................)...))))..
..≈≈≈≈≈≈≈≈≈≈≈≈≈≈≈≈≈≈≈....≈≈≈≈≈≈≈≈
..≈≈≈≈≈≈≈≈≈≈≈≈≈≈≈≈≈≈≈....≈≈≈≈≈≈≈≈
..≈≈#####≈≈≈≈≈≈≈≈≈≈≈≈....≈≈≈≈≈≈≈≈
..≈≈#ggg#........)...............
..≈≈#...#############''''########
.P≈≈### #.......#..).#(......
..≈≈≈.# #.......#....#.......
..≈≈≈.# #.gg@...'....'.......
..≈≈≈.# #'##################'
..≈≈≈.# ..≈≈≈.# ..≈≈≈.# ..≈≈≈.#
..≈≈≈.#.# ..≈≈###'#
)P≈≈#...#########################


You could see 2 gnolls.

Vanquished Creatures
  An orc wizard (D:3)
  Natasha (twice) (D:3)
  9 gnolls (D:3)
  2 adders
  2 oozes
  A dart slug (D:2)
  3 leopard geckos (D:2)
  4 orcs (D:3)
  2 bats (D:2)
  A giant cockroach (D:3)
  3 goblins
  6 hobgoblins
  14 jackals
  7 kobolds
  4 frilled lizards
  7 rats
68 creatures vanquished.

Vanquished Creatures (collateral kills)
  2 gnolls (D:3)
  3 jackals (D:3)
5 creatures vanquished.

Grand Total: 73 creatures vanquished

Notes
Turn   | Place    | Note
-------+----------+-------------------------------------------
     0 | D:1      | Mefis the Deep Elf Wizard began the quest for the Orb.
     0 | D:1      | Reached XP level 1. HP: 10/10 MP: 7/7
   433 | D:1      | Reached XP level 2. HP: 4/15 MP: 0/9
   437 | D:1      | Learned a level 2 spell: Call Imp
   440 | D:1      | Learned a level 2 spell: Blink
   443 | D:1      | Learned a level 2 spell: Repel Missiles
  1419 | D:2      | Reached skill level 5 in Spellcasting
  1419 | D:2      | Reached XP level 3. HP: 18/19 MP: 1/11
  1429 | D:2      | Learned a level 3 spell: Mephitic Cloud
  2362 | D:3      | Noticed Natasha
  2367 | D:3      | Killed Natasha
  2367 | D:3      | Reached skill level 1 in Air Magic
  2367 | D:3      | Reached XP level 4. HP: 18/24 MP: 7/13
  2408 | D:3      | Learned a level 3 spell: Conjure Flame
  2999 | D:3      | Reached XP level 5. HP: 28/28 MP: 2/15
  3421 | D:3      | Noticed Natasha
  3429 | D:3      | Killed Natasha
  3429 | D:3      | Reached skill level 1 in Poison Magic
  3619 | D:3      | Reached skill level 6 in Spellcasting
  3728 | D:3      | Reached XP level 6. HP: 32/32 MP: 2/17
  3732 | D:3      | Learned a level 2 spell: Slow
  3894 | D:3      | Slain by a gnoll

Vault maps used:
D:1:      dpeg_arrival_rhombi
D:2:      kennysheep_generic_room_10
D:3:      lemuel_castle_with_subvaults, uniq_natasha

Skill      XL: |  1  2  3  4  5 |
---------------+----------------+-----
Spellcasting   | 5 6 |  6.0
Stealth        | 3 |  3.8
Dodging        | 3 |  3.7
Conjurations   | 2 3 |  3.3
Air Magic      | 1 |  1.6
Poison Magic   | 1 |  1.4
Summonings     | |  1.1
Translocations | |  1.1

Action                   |  1- 3 |  4- 6 || total
-------------------------+-------+-------++-------
Melee: Dagger            |    14 |     1 ||    15
       Spear             |       |     8 ||     8
 Fire: Blowgun           |       |    11 ||    11
 Cast: Magic Dart        |    97 |   124 ||   221
       Repel Missiles    |     2 |       ||     2
       Call Imp          |       |     5 ||     5
       Mephitic Cloud    |       |     1 ||     1
  Eat: Chunk             |     4 |     5 ||     9
Armor: Robe              |     8 |     5 ||    13
Dodge: Dodged            |    40 |    35 ||    75
       Deflected         |     1 |       ||     1
